 Dungeon Crawl Stone Soup version 0.19.0-22-gd96e5fe (webtiles) character file.

54 RKaid the Chopper (level 3, -9/31 HPs)
             Began as a Minotaur Berserker on Nov 19, 2016.
             Was a Believer of Trog.
             Mangled by a gnoll
             ... wielding a +0 halberd
              (14 damage)
             ... on level 3 of the Dungeon.
             The game lasted 00:01:34 (2745 turns).

RKaid the Chopper (Minotaur Berserker)              Turns: 2745, Time: 00:01:35

Health: -9/31      AC:  2    Str: 22    XL:     3   Next: 66%
Magic:  2/2        EV: 12    Int:  4    God:    Trog [**....]
Gold:   69         SH:  0    Dex:  9    Spells: 0 memorised, 2 levels left

rFire  . . .     SeeInvis .     f - +0 war axe
rCold  . . .     Gourm    .     b - +0 animal skin
rNeg   . . .     Faith    .     (no shield)
rPois  .         Spirit   .     (helmet restricted)
rElec  .         Reflect  .     (no cloak)
rCorr  .         Harm     .     (no gloves)
MR     .....                    (no boots)
Stlth  +.........               (no amulet)
                                (no ring)
                                (no ring)

@: no status effects
A: retaliatory headbutt, horns 2
a: Berserk, Trog's Hand, Burn Spellbooks, Renounce Religion


You were on level 3 of the Dungeon.
You worshipped Trog.
Trog was pleased with you.
You were not hungry.

You visited 1 branch of the dungeon, and saw 3 of its levels.

You collected 69 gold pieces.

Inventory:

Hand Weapons
 a - a +0 hand axe
 f - a +0 war axe (weapon)
   (You found it on level 2 of the Dungeon)
Armour
 b - a +0 animal skin (worn)
 p - a +0 buckler
   (You found it on level 2 of the Dungeon)
Scrolls
 j - 3 scrolls of identify {unknown}
 k - 3 scrolls of immolation {unknown}
 n - a scroll of remove curse {unknown}
Potions
 d - a potion of cancellation {unknown}
 e - 6 potions of curing {unknown}
 h - 2 potions of might {unknown}
 i - a potion of mutation {unknown}
 l - a potion of brilliance {unknown}
Comestibles
 c - a bread ration
 g - a slice of pizza
 m - 4 fruits
 o - 3 chunks of flesh


   Skills:
 - Level 3.6 Fighting
 + Level 5.6 Axes
 - Level 2.4 Armour
 - Level 2.1 Dodging


You had 2 spell levels left.
You didn't know any spells.

Dungeon Overview and Level Annotations

Branches:
Dungeon (3/15)

Altars:
Okawaru
Trog

Annotations:
D:1 FUCK THE WORLD


Innate Abilities, Weirdness & Mutations

You reflexively headbutt those who attack you in melee.
You have a pair of horns on your head.


Message History

A jackal comes into view.
The jackal barks!
You slash the jackal!
You kill the jackal!
Trog accepts your kill.
You barely miss the jackal. The jackal barely misses you.
You furiously retaliate!
You headbutt the jackal!
You kill the jackal!
Trog accepts your kill.
You slash the jackal!
You kill the jackal!
Trog accepts your kill.
The jackal bites you but does no damage.
You slash the jackal!
You kill the jackal!
Trog accepts your kill.
No target in view!
No target in view!
No target in view!
No target in view!
No target in view!
No target in view!
No target in view!
No target in view!
No target in view!
You butcher the jackal corpse.
o - 2 chunks of flesh You see here a jackal skeleton. x2
You butcher the jackal corpse.
o - 4 chunks of flesh (gained 2)
You see here a ring mail.
You see here a jackal skeleton.
A rat comes into view.
A rat is nearby!
The rat misses you.
You barely miss the rat. The rat misses you.
You closely miss the rat. The rat barely misses you.
You barely miss the rat. The rat misses you. The rat closely misses you.
You barely miss the rat. The rat closely misses you.
You barely miss the rat. Your headbutt misses the rat.
The rat closely misses you.
You hit the rat. The rat closely misses you. You furiously retaliate!
You headbutt the rat!
You kill the rat!
Trog accepts your kill.
No target in view!
No target in view!
No target in view!
No target in view!
No target in view!
No target in view!
No target in view!
Done exploring.
No target in view!
Done exploring.
You see here a buckler.
p - a buckler Eating one of 4 chunks of flesh.
You start eating one of the 4 chunks of flesh.
You are feeling hungry.
This raw flesh tastes terrible.
There is a stone staircase leading down here.
You climb downwards.
There is a stone staircase leading up here.
You open the door. 4 gnolls and a kobold come into view.
The kobold shouts!
The gnoll shouts! x4
There are monsters nearby!
There are monsters nearby!
There are monsters nearby!
The gnoll hits you with a spear. The gnoll hits you with a halberd.
There is an open door, spattered with blood here.
You slash the gnoll! You hit the gnoll. The gnoll closely misses you. x2
The gnoll misses you. The gnoll hits you with a halberd!
Ouch! That really hurt!
* * * LOW HITPOINT WARNING * * *
You are too injured to fight recklessly!
You are too injured to fight recklessly!
You are too injured to fight recklessly!
You are too injured to fight recklessly!
You are too injured to fight recklessly!
You are too injured to fight recklessly!
You are too injured to fight recklessly!
You are too injured to fight recklessly!
You are too injured to fight recklessly!
You are too injured to fight recklessly!
You are too injured to fight recklessly!
You are too injured to fight recklessly!
You are too injured to fight recklessly!
You are too injured to fight recklessly!
You are too injured to fight recklessly!
You are too injured to fight recklessly!
You are too injured to fight recklessly!
You are too injured to fight recklessly!
You are too injured to fight recklessly!
You are too injured to fight recklessly!
The gnoll closely misses you.
There is a stone staircase leading up here.
The gnoll hits you from afar with a halberd!
You die...

#......
#......
#......
#......
#......
#......
#......######
#.....Kggg.@#
#.....g######
#......
#.....$
#######


You could see 4 gnolls and a kobold.

Vanquished Creatures
  An adder (D:2)
  A worm (D:2)
  4 dart slugs
  A leopard gecko (D:1)
  A ball python (D:1)
  2 giant cockroaches (D:1)
  3 goblins (D:1)
  3 hobgoblins
  4 jackals (D:2)
  4 bats
  5 frilled lizards
  A kobold (D:2)
  4 rats
34 creatures vanquished.

Notes
Turn   | Place    | Note
-------+----------+-------------------------------------------
     0 | D:1      | RKaid the Minotaur Berserker began the quest for the Orb.
     0 | D:1      | Reached XP level 1. HP: 19/19 MP: 0/0
   178 | D:1      | Reached skill level 4 in Axes
   292 | D:1      | Reached XP level 2. HP: 11/26 MP: 1/1
  1599 | D:2      | Reached skill level 5 in Axes
  1616 | D:2      | Found an iron altar of Okawaru.
  1640 | D:2      | Reached XP level 3. HP: 22/31 MP: 2/2
  1657 | D:2      | Reached ** piety under Trog
  2251 | D:2      | Found a bloodstained altar of Trog.
  2740 | D:3      | HP: 4/31 [gnoll/halberd (17)]
  2745 | D:3      | Mangled by a gnoll

Skill      XL: |  1  2 |
---------------+-------+-----
Axes           | 4 5 |  5.6
Fighting       | |  3.6
Armour         | |  2.4
Dodging        | |  2.1

Action                   || total
-------------------------++-------
Melee: Hand axe          ||    53
       Headbutt          ||     6
       War axe           ||    15
 Stab: Sleeping          ||     1
  Eat: Chunk             ||     6
Armor: Animal skin       ||    13
Dodge: Dodged            ||    58

Vault maps used:
D:1:      saegor_arrival_simple_c, corexii_leaking_fountain,
          minmay_misc_feat_five, interstate_on_off
D:2:      old_standard_altar, bloody_trog, serial_co_window_serial,
          co_window_paths_b, co_window_of_opportunity_a,
          co_window_of_opportunity_a, co_window_corner_a, co_window_cross_1,
          co_window_corner_a, co_window_of_opportunity_a,
          co_window_of_opportunity_b, co_window_broadway_a, co_window_corner_ca,
          co_window_of_opportunity_c, co_window_4corner_b

Table legend:
 A = Turns spent in this place as a percentage of turns spent in the entire game.
 B = Non-inter-level travel turns spent in this place as a percentage of non-inter-level travel turns spent in the entire game.
 C = Inter-level travel turns spent in this place as a percentage of turns spent in this place.
 D = Turns resting spent in this place as a percentage of non-inter-level travel turns spent in this place.
 E = Turns spent auto-exploring this place as a percentage of non-inter-level travel turns spent in this place.
 F = Non-inter-level travel turns spent in this place divided by the number of levels of this place that you've seen.
                   A       B       C       D       E      F
               +-------+-------+-------+-------+-------+----------------------
         Total | 100.0 | 100.0 |   0.4 |   2.9 |  11.3 | 171.0
       Dungeon | 100.0 | 100.0 |   0.4 |   2.9 |  11.3 | 171.0
               +-------+-------+-------+-------+-------+----------------------

Table legend:
 A = Kills in this place as a percentage of kills in entire the game.
 B = Kills by you in this place as a percentage of kills by you in the entire game.
 C = Kills by friends in this place as a percentage of kills by friends in the entire game.
 D = Other kills in this place as a percentage of other kills in the entire game.
 E = Experience gained in this place as a percentage of experience gained in the entire game.
 F = Experience gained in this place divided by the number of levels of this place that you have seen.
                   A       B       C       D       E      F
               +-------+-------+-------+-------+-------+----------------------
         Total | 100.0 | 100.0 |  -nan |  -nan | 100.0 |  26.0
       Dungeon | 100.0 | 100.0 |  -nan |  -nan | 100.0 |  26.0
               +-------+-------+-------+-------+-------+----------------------
